 Dungeon Crawl Stone Soup version 0.30.1-3-gfc49f6343a (webtiles) character file.

Game seed: 16317853952630906522

28 Heoruswealwe the Conjurer (level 2, -4/15 HPs)
             Began as a Deep Elf Conjurer on July 25, 2023.
             Slain by Sigmund
             ... wielding a +0 scythe
              (8 damage)
             ... on level 2 of the Dungeon.
             The game lasted 00:09:35 (981 turns).

Heoruswealwe the Conjurer (Deep Elf Conjurer)        Turns: 981, Time: 00:09:39

Health: -4/15      AC:  2    Str:  4    XL:     2   Next: 96%
Magic:  2/9        EV: 12    Int: 22    God:
Gold:   79         SH:  0    Dex: 13    Spells: 6/9 levels left

rFire   . . .        (no weapon)
rCold   . . .        (no shield)
rNeg    . . .        c - +0 robe
rPois   .            (no helmet)
rElec   .            (no cloak)
rCorr   .            (no gloves)
SInv    .            (no boots)
Will    .....        (no amulet)
Stlth   ++           (no ring)
HPRegen 0.22/turn    (no ring)
MPRegen 0.11/turn

%: no passive effects
@: no status effects
A: no striking features
a: no special abilities


You were on level 2 of the Dungeon.
You visited 1 branch of the dungeon, and saw 2 of its levels.

You collected 128 gold pieces.
You spent 49 gold pieces at shops.

Inventory:

Armour
 a - a +0 robe
 c - a +0 robe (worn)
Scrolls
 d - 2 scrolls of teleportation {unknown}
 e - a scroll of fog {unknown}
 f - a scroll of blinking {unknown}
 g - a scroll of brand weapon {unknown}
 l - a scroll of identify {unknown}
Potions
 b - a potion of magic
 h - a potion of might {unknown}
 i - a potion of invisibility {unknown}
 j - a potion of ambrosia {unknown}
 k - a potion of brilliance {unknown}


   Skills:
 - Level 2.4 Dodging
 - Level 2.4 Stealth
 + Level 4.0 Spellcasting
 + Level 4.9 Conjurations


You had 6 spell levels left.
You knew the following spells:

 Your Spells              Type           Power      Damage    Failure   Level
a - Magic Dart            Conj           100%       1d8       1%          1
b - Searing Ray           Conj           52%        2d6       2%          2

Your spell library contained the following spells:

 Spells                   Type           Power      Damage    Failure   Level
 Dazzling Flash           Conj/Hex       30%        N/A       12%         3
 Poisonous Vapours        Pois/Air       8%         N/A       17%         2
 Mephitic Cloud           Conj/Pois/Air  11%        N/A       17%         3
 Fulminant Prism          Conj/Hex       7%         3d7       36%         4
 Iskenderun's Mystic Bla  Conj/Tloc      15%        2d5       36%         4
 Freezing Cloud           Conj/Ice/Air   5%         6-21      83%         5


Dungeon Overview and Level Annotations

Branches:
Dungeon (2/15)

Altars:
Wu Jian

Shops:
D:2 *

Annotations:
D:2 Sigmund


Message History

Thank you for shopping at Nuub's Assorted Antiques!
You can access your shopping list by pressing '$'.
A frilled lizard comes into view.
The magic dart hits the frilled lizard.
You kill the frilled lizard!
A frilled lizard comes into view.
Found a stone staircase leading down.
The frilled lizard hisses angrily.
The magic dart hits the frilled lizard.
You kill the frilled lizard!
You see here a frilled lizard corpse.
Found 6 gold pieces.
You now have 79 gold pieces (gained 6).
Sigmund the Dreaded comes into view.
He is wielding a +0 scythe.
Sigmund casts a spell.
Sigmund flickers and vanishes!
Deactivating autopickup; reactivate with Ctrl-A.
Casting: Magic Dart (safe; 1% risk of failure)
Confirm with . or Enter, or press ? or * to list all spells.
Aiming: Searing Ray (safe; 2% risk of failure)
Press: ? - help, Shift-Dir - straight line (Press . to maintain the ray.)
The searing ray hits something.
Something hits you.
The searing ray hits something!
You finish channelling your searing ray.
Something hits you!
Ouch! That really hurt!
* * * LOW HITPOINT WARNING * * *
Casting: Searing Ray (safe; 2% risk of failure)
Confirm with . or Enter, or press ? or * to list all spells.
Okay, then.
Casting: Searing Ray (safe; 2% risk of failure)
Confirm with . or Enter, or press ? or * to list all spells.
Aiming: Searing Ray (safe; 2% risk of failure)
Press: ? - help, Shift-Dir - straight line The searing ray hits something! (Press . to maintain the ray.)
Something hits you!
Ouch! That really hurt!
You die...

.. .. .. ########. .....#..
.......
......#################
....>.................#
.....#####......@.{...# ###
...†.# #.............. ...
####.# #............## ##
#.#####............## #.
#...................#########.
#.....†.#######.....##........
#.......# #.......##........
#.......# #.......##........
#.##....# #.......##........


There were no monsters in sight!

Vanquished Creatures
  An adder (D:2)
  A dart slug (D:1)
  2 ball pythons (D:1)
  2 endoplasms (D:1)
  A goblin (D:1)
  A hobgoblin (D:2)
  2 bats (D:1)
  2 frilled lizards (D:2)
  6 kobolds
18 creatures vanquished.

Notes
Turn   | Place    | Note
-------+----------+-------------------------------------------
     0 | D:1      | Heoruswealwe the Deep Elf Conjurer began the quest for the
                  | Orb.
     0 | D:1      | Reached XP level 1. HP: 10/10 MP: 6/6
    78 | D:1      | Found a faded altar of an unknown god.
   404 | D:1      | Reached XP level 2. HP: 13/15 MP: 0/8
   407 | D:1      | Learned a level 2 spell: Searing Ray
   777 | D:2      | Found an ornate altar of the Wu Jian Council.
   940 | D:2      | Found Nuub's Assorted Antiques.
   948 | D:2      | Bought a scroll labelled ESHOSHR COORUST for 17 gold pieces
   948 | D:2      | Bought a puce potion for 15 gold pieces
   948 | D:2      | Bought a scroll labelled PURON JAMIONO for 17 gold pieces
   974 | D:2      | Noticed Sigmund
   981 | D:2      | Slain by Sigmund

Illustrated notes

Levels and vault maps discovered:
D:1:      nzn_arrival_settlement, layout_basic,
          dreamdust_ecumenical_altar_hidden_monk_grotto, minmay_tromino_v4_b
D:2:      layout_basic, serial_shops, nicolae_shop_trees, basic_altar,
          uniq_sigmund

Skill      XL: |  1  2 |
---------------+-------+-----
Spellcasting   | 4 |  4.0
Dodging        | |  2.4
Stealth        | |  2.4
Conjurations   | |  4.9

Action                     || total
---------------------------++-------
  Melee: Unarmed           ||    21
         Punch             ||     1
   Cast: Magic Dart        ||    30
         Searing Ray       ||     2
 Armour: Robe              ||     1
  Dodge: Dodged            ||     3
